 Dungeon Crawl Stone Soup version 0.31-a0-236-g9a0961fb85 (webtiles) character file.

Game seed: 11018938538013317029

923 qw the Shooter (level 8, -3/48 HPs)
             Began as a Gargoyle Hexslinger on July 10, 2023.
             Slain by an ogre
             ... wielding a +0 giant spiked club
              (15 damage)
             ... on level 6 of the Dungeon.
             The game lasted 00:01:48 (4208 turns).

qw the Shooter (Gargoyle Hexslinger)                Turns: 4208, Time: 00:01:48

Health: -3/48      AC: 23    Str: 12    XL:     8   Next: 10%
Magic:  9/9        EV: 10    Int: 17    God:
Gold:   304        SH:  0    Dex: 14    Spells: 8/9 levels left

rFire   . . .        f - +1 sling (heavy)
rCold   . . .        (no shield)
rNeg    + . .        d - +0 ring mail
rPois   inf          b - +2 helmet {Int+3}
rElec   +            k - +1 cloak
rCorr   .            n - +2 pair of gloves {infuse}
SInv    .            (no boots)
Will    .....        (no amulet)
Stlth   +            g - +4 ring of protection
HPRegen 0.28/turn    (no ring)
MPRegen 0.11/turn

%: infuse magic (1 MP)
@: weakened
A: sickness immunity, AC +5, negative energy resistance 1, electricity
resistance, torment resistance 1, petrification resistance
a: no special abilities


You were on level 6 of the Dungeon.
You visited 1 branch of the dungeon, and saw 6 of its levels.

You collected 324 gold pieces.
You spent 20 gold pieces at shops.


Innate Abilities, Weirdness & Mutations

You are immune to sickness and miasma.
Your stone body is resilient. (AC +5)
You are immune to poison.
You resist negative energy. (rN+)
You are resistant to electric shocks. (rElec)
You are resistant to unholy torment.
You are immune to petrification.


   Skills:
 - Level 4.0 Fighting
 + Level 7.7 Ranged Weapons
 - Level 3.5 Armour
 - Level 1.5 Dodging
 - Level 1.0 Spellcasting
 - Level 2.6 Hexes


You had 8 spell levels left.
You knew the following spells:

 Your Spells              Type           Power      Damage    Failure   Level
a - Slow                  Hex            36%        N/A       16%         1

Your spell library contained the following spells:

 Spells                   Type           Power      Damage    Failure   Level
 Inner Flame              Hex/Fire       5%         N/A       61%         3
 Portal Projectile        Hex/Tloc       10%        N/A       61%         3
 Cause Fear               Hex            4%         N/A       83%         4

Inventory:

Hand Weapons
 f - a +1 heavy sling (weapon)
Armour
 b - a +2 helmet of intelligence (worn)
 d - a +0 ring mail (worn)
 k - a +1 cloak (worn)
 n - a +2 pair of gloves of infusion (worn)
Jewellery
 g - a +4 ring of protection (left hand)
Scrolls
 h - a scroll of identify
 l - 2 scrolls of teleportation
 p - a scroll of brand weapon
Potions
 a - a potion of resistance
 e - 3 potions of mutation
 i - 2 potions of enlightenment
 j - a potion of heal wounds
 m - a potion of lignification {unknown}
 o - a potion of invisibility {unknown}
 q - a potion of haste {unknown}

Dungeon Overview and Level Annotations

Branches:
Dungeon (6/15)
 Temple: D:4-7

Altars:
Cheibriados
Elyvilon
Gozag
Qazlal
Sif Muna

Shops:
D:2 !??*   D:3 :

Annotations:
D:6 Grinder


Message History

The ice beast is moderately wounded.
Your attacks no longer feel as feeble.
An orc comes into view. It is wielding a +0 flail.
The gnoll bouda hits you but does no damage.
The ice beast hits you but does no damage.
The gnoll barely misses you.
The ice beast hits you but does no damage.
The gnoll bouda hits you with a +0 vampiric whip.
The gnoll hits you but does no damage.
You shoot a sling bullet. The orc shouts!
The sling bullet hits the ice beast.
The ice beast is heavily wounded.
The gnoll bouda completely misses you.
The ice beast hits you but does no damage.
The gnoll hits you but does no damage. The ice beast closely misses you.
The gnoll bouda gazes fiercely through you!
You feel your attacks grow feeble.
The gnoll bouda hits you but does no damage.
The ogre barely misses you.
You shoot a sling bullet. The sling bullet hits the ice beast!
The ice beast is almost dead.
The gnoll is no longer moving quickly.
The gnoll hits you from afar with a +0 spear.
The ice beast hits you but does no damage.
The gnoll bouda barks out a call to the hunt!
The gnoll picks up the pace!
The gnoll hits you but does no damage.
The ogre hits you with a +0 giant spiked club.
You hear a shout!
You shoot a sling bullet. The sling bullet hits the ice beast!
You kill the ice beast!
Grinder comes into view.
The gnoll bouda gazes fiercely through you!
You feel as though you will be weak longer.
The gnoll bouda hits you but does no damage.
The gnoll hits you but does no damage. The gnoll hits you with a +0 flail.
The gnoll bouda closely misses you.
The ogre hits you with a +0 giant spiked club!
You die...

#### .
##Oo#....
#@gg......
##g5o.....
.c#...5..
.g.......
..$#..o...
c..#......
.....
..... ..
...


You could see Grinder, an ogre, a centaur, a gnoll bouda, an orc priest, 3
gnolls, a white imp and 2 orcs.

Vanquished Creatures
  Eustachio (D:5)
  An ice beast (D:6)
  2 ogres (D:4)
  2 phantoms (D:5)
  2 scorpions (D:4)
  4 hounds
  A gnoll bouda (D:5)
  4 gnolls (D:5)
  4 adders
  A shadow imp (D:5)
  2 ufetubi
  3 worms (D:3)
  2 dart slugs
  16 orcs
  10 ball pythons
  2 bats
  8 endoplasms
  5 giant cockroaches
  5 goblins
  4 hobgoblins
  4 jackals (D:4)
  A quokka (D:1)
  A frilled lizard (D:3)
  6 kobolds
  7 rats
98 creatures vanquished.

Notes
Turn   | Place    | Note
-------+----------+-------------------------------------------
     0 | D:1      | qw the Gargoyle Hexslinger began the quest for the Orb.
     0 | D:1      | Reached XP level 1. HP: 12/12 MP: 2/2
     0 | D:1      | 0 ||| qw: Version: 0.3-a-52-g30416fa
     0 | D:1      | 0 ||| qw: Game counter: 4952
     0 | D:1      | 0 ||| qw: Melee chars always use a shield: true
     0 | D:1      | 0 ||| qw: God list: Okawaru
     0 | D:1      | 0 ||| qw: Allow faded altars: false
     0 | D:1      | 0 ||| qw: Do Orc after clearing Dungeon:15 true
     0 | D:1      | 0 ||| qw: Do second Lair branch before Depths: true
     0 | D:1      | 0 ||| qw: Lair rune preference: random
     0 | D:1      | 0 ||| qw: Goals: Normal
     0 | D:1      | 0 ||| PLANNING D:1-11
   129 | D:1      | Reached XP level 2. HP: 16/16 MP: 3/3
   211 | D:1      | Reached skill level 3 in Ranged Weapons
   567 | D:1      | Reached XP level 3. HP: 21/21 MP: 4/4
   708 | D:1      | 708 ||| UPGRADING to +0 ring mail.
   718 | D:1      | 718 ||| DROPPING +0 robe.
   719 | D:1      | 719 ||| UPGRADING to +4 ring of protection.
   720 | D:1      | 720 ||| READING scroll labelled TEHOVOO GEUN.
   721 | D:1      | 721 ||| READING 3 scrolls labelled VALO JUMNILO.
   722 | D:1      | 722 ||| READING 2 scrolls of identify.
   722 | D:1      | 722 ||| IDENTIFYING ruby potion
   723 | D:1      | 723 ||| DROPPING scroll of poison.
   735 | D:2      | Found Ruplem's Distillery.
   747 | D:2      | 747 ||| SHOPLISTING 2 potions of cancellation (224 gold,
                  | have 24).
   747 | D:2      | 747 ||| SHOPLISTING potion of curing (42 gold, have 24).
   747 | D:2      | 747 ||| SHOPLISTING potion of heal wounds (70 gold, have
                  | 24).
   747 | D:2      | 747 ||| SHOPLISTING potion of might (56 gold, have 24).
   801 | D:2      | 801 ||| UPGRADING to +1 helmet of intelligence.
   806 | D:2      | 806 ||| READING scroll labelled LEAGAO CEREHEFF.
   813 | D:2      | 813 ||| STAIRDANCE
   826 | D:2      | 826 ||| STAIRDANCE
   830 | D:2      | 830 ||| STAIRDANCE
   834 | D:2      | 834 ||| STAIRDANCE
   838 | D:2      | 838 ||| STAIRDANCE
   842 | D:2      | 842 ||| STAIRDANCE
   846 | D:2      | 846 ||| STAIRDANCE
   850 | D:2      | 850 ||| STAIRDANCE
   854 | D:2      | 854 ||| STAIRDANCE
   858 | D:2      | 858 ||| STAIRDANCE
   862 | D:2      | 862 ||| STAIRDANCE
   866 | D:2      | 866 ||| STAIRDANCE
   870 | D:2      | 870 ||| STAIRDANCE
   874 | D:2      | 874 ||| STAIRDANCE
   878 | D:2      | 878 ||| STAIRDANCE
   882 | D:2      | 882 ||| STAIRDANCE
   886 | D:2      | 886 ||| STAIRDANCE
   890 | D:2      | 890 ||| STAIRDANCE
   894 | D:2      | 894 ||| STAIRDANCE
   898 | D:2      | 898 ||| STAIRDANCE
   966 | D:2      | Found Vagh's Magic Scroll Shop.
   974 | D:2      | 974 ||| SHOPLISTING scroll of teleportation (39 gold, have
                  | 24).
   993 | D:2      | Found Peosoew's Magic Scroll Shoppe.
   999 | D:2      | 999 ||| SHOPLISTING scroll of acquirement (520 gold, have
                  | 24).
   999 | D:2      | 999 ||| SHOPLISTING scroll of enchant weapon (75 gold, have
                  | 24).
   999 | D:2      | 999 ||| BUYING scroll of identify (20 gold).
   999 | D:2      | Bought a scroll of identify for 20 gold pieces
   999 | D:2      | 999 ||| SHOPLISTING scroll of identify (20 gold, have 4).
   999 | D:2      | 999 ||| SHOPLISTING scroll of teleportation (30 gold, have
                  | 4).
  1132 | D:2      | Found Uzyur's General Store.
  1141 | D:2      | 1141 ||| SHOPLISTING ring "Evofeate" {Ice Int+4 Dex-4
                  | Slay+2} (484 gold, have 42).
  1231 | D:2      | Reached skill level 1 in Armour
  1237 | D:2      | 1237 ||| READING scroll labelled YMOGGI BOB FYDD.
  1238 | D:2      | 1238 ||| READING scroll labelled TINAQE ESCHE.
  1243 | D:2      | 1243 ||| DRINKING 2 cyan potions.
  1244 | D:2      | 1244 ||| READING 2 scrolls of identify.
  1244 | D:2      | 1244 ||| IDENTIFYING lumpy silvery potion
  1514 | D:3      | Found a snail-covered altar of Cheibriados.
  1515 | D:3      | 1515 ||| UPGRADING to +0 cloak.
  1631 | D:3      | Found Dioliyx's Book Shoppe.
  1707 | D:3      | Reached XP level 4. HP: 24/26 MP: 5/5
  2076 | D:3      | Reached skill level 4 in Ranged Weapons
  2180 | D:3      | 2180 ||| READING scroll labelled FETEUCV ZYDUS.
  2181 | D:3      | 2181 ||| READING scroll labelled GEYB VUPHUWIH.
  2182 | D:3      | 2182 ||| READING scroll labelled LITAUM SUCIMAU.
  2283 | D:3      | 2283 ||| DRINKING 3 silvery potions.
  2284 | D:3      | 2284 ||| DRINKING 2 glowing brown potions.
  2285 | D:3      | 2285 ||| DROPPING potion of brilliance.
  2340 | D:4      | Identified the +0 short sword of Peril {pain, *Noise rPois
                  | rC+++ Int-2}
  2344 | D:4      | Found a white marble altar of Elyvilon.
  2466 | D:4      | Reached XP level 5. HP: 30/30 MP: 6/6
  2609 | D:4      | Reached skill level 5 in Ranged Weapons
  2673 | D:4      | Reached XP level 6. HP: 33/36 MP: 7/7
  2707 | D:4      | Reached skill level 3 in Fighting
  3069 | D:4      | Reached skill level 6 in Ranged Weapons
  3199 | D:4      | Reached XP level 7. HP: 43/43 MP: 8/8
  3228 | D:4      | Found a shimmering blue altar of Sif Muna.
  3284 | D:4      | 3284 ||| UPGRADING to +2 pair of gloves of infusion.
  3289 | D:4      | 3289 ||| DRINKING 2 sedimented pink potions.
  3293 | D:4      | 3293 ||| DROPPING potion of ambrosia.
  3312 | D:5      | Entered Level 5 of the Dungeon
  3327 | D:5      | Noticed Eustachio
  3382 | D:5      | Killed Eustachio
  3383 | D:5      | Reached skill level 3 in Armour
  3584 | D:5      | Reached skill level 7 in Ranged Weapons
  3723 | D:5      | 3723 ||| FLEEEEING.
  3724 | D:5      | 3724 ||| FLEEEEING.
  3725 | D:5      | 3725 ||| FLEEEEING.
  3726 | D:5      | 3726 ||| FLEEEEING.
  3751 | D:5      | Found an opulent altar of Gozag.
  3782 | D:5      | Reached XP level 8. HP: 48/48 MP: 9/9
  4028 | D:5      | Found a stormy altar of Qazlal.
  4171 | D:5      | 4171 ||| READING 3 scrolls labelled KODIECKITTE.
  4172 | D:5      | 4172 ||| READING 2 scrolls of enchant armour.
  4172 | D:5      | 4172 ||| ENCHANTING +1 helmet of intelligence.
  4173 | D:5      | 4173 ||| READING scroll of enchant armour.
  4173 | D:5      | 4173 ||| ENCHANTING +0 cloak.
  4192 | D:6      | 4192 ||| Stepping ~*~*~tactically~*~*~ (outnumbered).
  4208 | D:6      | Noticed Grinder
  4208 | D:6      | HP: 12/48 [gnoll/+0 flail[a gnoll bouda] (6)]
  4208 | D:6      | Slain by an ogre

Levels and vault maps discovered:
D:1:      spicycebolla_arrival_ecumenical, layout_loops_ring, kennysheep_boxes
D:2:      layout_basic, serial_shops, shop, nicolae_shop_gibbet_a_chance,
          nicolae_shop_crystal, nicolae_shop_just_a_little_nook
D:3:      layout_loops_corners, cheibrodos_worm_habitat, serial_shops,
          shop_coins
D:4:      layout_loops_corners, general_overflow_altar,
          mainiacjoe_overflow_cross_hatched, hex_large, minivault_25
D:5:      layout_loops_ring, marbit_many_paths, lemuel_round_altar,
          uniq_eustachio
D:6:      layout_cave_pools, pdpol_wu_jian_five_deadly_venoms,
          minmay_temple_entry_stoned_glass, uniq_grinder

Skill      XL: |  1  2  3  4  5  6  7 |
---------------+----------------------+-----
Ranged Weapons | 3 4 5 6 7 |  7.7
Fighting       | 2 4 |  4.0
Armour         | 1 3 |  3.5
Dodging        | |  1.5
Spellcasting   | |  1.0
Hexes          | |  2.6

Action                     |  1- 3 |  4- 6 |  7- 9 || total
---------------------------+-------+-------+-------++-------
   Fire: Sling             |   128 |   119 |   126 ||   373
    Use: Scroll            |     7 |     3 |     3 ||    13
         Potion            |     1 |     2 |     1 ||     4
 Armour: Robe              |    11 |       |       ||    11
         Ring mail         |    13 |    76 |   130 ||   219
  Dodge: Dodged            |    32 |    81 |   116 ||   229

Table legend:
 A = Non-vault XP
 B = Vault XP
 C = Vault XP percentage of total XP
 D = Non-vault monster count
 E = Vault monster count
 F = Vault count percentage of total count
                 A         B        C        D         E       F
            +---------+---------+-------+---------+---------+-------
      Total |    1250 |     196 |  13.6 |      95 |       3 |   3.1
            +---------+---------+-------+---------+---------+-------
        D:1 |      41 |       0 |   0.0 |      21 |       0 |   0.0
        D:2 |      18 |       0 |   0.0 |      13 |       0 |   0.0
        D:3 |      52 |       5 |   8.8 |      18 |       1 |   5.3
        D:4 |     571 |       0 |   0.0 |      29 |       0 |   0.0
        D:5 |     433 |     191 |  30.6 |      12 |       2 |  14.3
        D:6 |     135 |       0 |   0.0 |       2 |       0 |   0.0
            +---------+---------+-------+---------+---------+-------
